 Dungeon Crawl Stone Soup version 0.31-a0-618-g7ca08c1ff9 (webtiles) character file.

Game seed: 6723412960004791566

5975 cforsyth the Prestidigitator (level 10, -1/60 (69) HPs)
             Began as a Gnoll Artificer on Aug 22, 2023.
             Was a Believer of Hepliaklqana.
             Slain by a wight
             ... wielding a +0 great sword
              (3 damage)
             ... on level 7 of the Dungeon.
             The game lasted 00:22:48 (12685 turns).

cforsyth the Prestidigitator (Gnoll Artificer)     Turns: 12685, Time: 00:22:49

HP:   -1/60 (69)    AC: 12    Str: 11    XL:     10   Next: 84%
MP:   18/18         EV:  8    Int: 14    God:    Hepliaklqana [**....]
Gold: 505           SH:  0    Dex: 14    Spells: 20/20 levels left

rFire   . . .        c - +4 flail (drain)
rCold   + . .        (no shield)
rNeg    . . .        m - +0 chain mail
rPois   .            (no helmet)
rElec   .            (no cloak)
rCorr   +            (no gloves)
SInv    .            i - +0 pair of boots
Will    .....        (no amulet)
Stlth   +            r - ring of resist corrosion
HPRegen 0.30/turn    q - ring of protection from cold
MPRegen 0.16/turn

%: no passive effects
@: about to teleport, heavily drained
A: reduced essence, fangs 1, strong nose, distributed training
a: Renounce Religion, Recall Ancestor, Ancestor Identity


You were on level 7 of the Dungeon.
You worshipped Hepliaklqana.
Hepliaklqana was pleased with you.
You visited 2 branches of the dungeon, and saw 9 of its levels.
You visited the Abyss 1 time.

You collected 505 gold pieces.

Inventory:

Hand Weapons
 a - a +0 club
 c - a +4 flail of draining (weapon)
 o - a +2 dagger of draining
 D - a +2 dagger of venom
 K - a +1 hand axe of freezing
Missiles
 J - 17 poisoned darts
Armour
 b - a +0 leather armour
 e - a scarf of harm
 i - a +0 pair of boots (worn)
 m - a +0 chain mail (worn)
Jewellery
 l - a ring of flight
 q - a ring of protection from cold (right hand)
 r - a ring of resist corrosion (left hand)
 u - a +6 ring of dexterity
 y - a +6 ring of strength
 I - an amulet of guardian spirit
 O - a ring of see invisible
Wands
 d - a wand of charming (14)
 N - a wand of roots (5)
Scrolls
 g - a scroll of teleportation
 j - a scroll of vulnerability {unknown}
 k - a scroll of butterflies {unknown}
 s - 3 scrolls of identify
 v - a scroll of revelation {unknown}
 w - a scroll of enchant weapon {unknown}
 x - 2 scrolls of enchant armour
 A - a scroll of immolation {unknown}
 B - a scroll of brand weapon {unknown}
 C - a scroll of fog {unknown}
 F - a scroll of blinking {unknown}
 H - a scroll of fear {unknown}
Potions
 f - a potion of mutation {unknown}
 h - a potion of haste {unknown}
 n - a potion of brilliance {unknown}
 p - 2 potions of enlightenment {unknown}
 t - 5 potions of curing {unknown}
 z - a potion of lignification {unknown}
 E - a potion of might {unknown}
 G - 2 potions of heal wounds {unknown}
 L - a potion of ambrosia {unknown}
 M - a potion of attraction {unknown}
 P - a potion of berserk rage {unknown}
Miscellaneous
 Q - a lightning rod (4/4)


   Skills:
 + Level 6.3 Fighting
 + Level 5.7 Short Blades
 + Level 5.7 Long Blades
 + Level 5.7 Axes
 + Level 5.7 Maces & Flails
 + Level 5.7 Polearms
 + Level 5.7 Staves
 + Level 5.7 Ranged Weapons
 + Level 5.7 Throwing
 + Level 7.4 Armour
 + Level 6.3 Dodging
 + Level 6.3 Stealth
 + Level 5.7 Shields
 + Level 5.7 Unarmed Combat
 + Level 5.7 Spellcasting
 + Level 4.7 Conjurations
 + Level 4.7 Hexes
 + Level 4.7 Summonings
 + Level 4.7 Necromancy
 + Level 4.7 Translocations
 + Level 4.7 Transmutations
 + Level 4.7 Fire Magic
 + Level 4.7 Ice Magic
 + Level 4.7 Air Magic
 + Level 4.7 Earth Magic
 + Level 4.7 Poison Magic
 + Level 6.3 Invocations
 + Level 8.8 Evocations
 + Level 5.2 Shapeshifting


You had 20 spell levels left.
You didn't know any spells.
Your spell library contained the following spells:

 Spells                   Type           Power      Damage    Failure   Level
 Sandblast                Erth           34%        2d9       43%         1
 Blink                    Tloc           34%        N/A       56%         2
 Lesser Beckoning         Tloc           34%        N/A       56%         2
 Passwall                 Tmut/Erth      14%        N/A       56%         2
 Gell's Gravitas          Tloc           17%        N/A       80%         3
 Stone Arrow              Conj/Erth      34%        3d9       80%         3
 Teleport Other           Tloc           17%        N/A       80%         3
 Cause Fear               Hex            8%         N/A       99%         4
 Manifold Assault         Tloc           17%        N/A       99%         4
 Fireball                 Conj/Fire      8%         3d6       100%        5
 Dragon's Call            Summ           8%         N/A       100%        9


Dungeon Overview and Level Annotations

Branches:
Dungeon (8/15)             Temple (1/1) D:5
   Lair: D:8-11

Altars:
Cheibriados
Dithmenos
Elyvilon
Fedhas
Gozag
Hepliaklqana
Kikubaaqudgha
Makhleb
Nemelex Xobeh
Sif Muna
Trog
Vehumet
Wu Jian
Yredelemnul
Zin
The Shining One

Annotations:
D:3 1 runed translucent door, Crazy Yiuf


Innate Abilities, Weirdness & Mutations

Your life essence is reduced to manifest your ancestor. (-10% HP)
You have very sharp teeth.
Your uncanny sense of smell can sniff out nearby items.
Your experience applies equally to all skills.


Message History

The wight is lightly damaged.
Leofric points at the wight and mumbles some strange words.
The puff of frost hits the wight.
The wight resists.
The wight hits you with a +0 scimitar!
You feel drained. The wight barely misses you. The orc closely misses you.
The wight hits you with a +0 scimitar!
You hit the wight.
The wight is moderately damaged.
Leofric completely misses the wight.
The wight hits you with a +0 scimitar!
You feel drained. The wight barely misses you.
The orc hits you but does no damage. The wight barely misses you.
You are too injured to fight recklessly!
You are too injured to fight recklessly!
You are too injured to fight recklessly!
You are too injured to fight recklessly!
You are too injured to fight recklessly!
You are too injured to fight recklessly!
You are too injured to fight recklessly!
You are too injured to fight recklessly!
You closely miss the orc. You bite the orc.
The orc is moderately wounded.
Leofric hits the wight with a +0 quarterstaff.
The wight hits you but does no damage.
The wight hits you with a +0 great sword.
The orc closely misses you. The wight hits you with a +0 scimitar.
* * * LOW HITPOINT WARNING * * *
Unknown command.
Unknown command.
As you read the scroll of teleportation, it crumbles to dust.
You feel strangely unstable.
Leofric hits the wight with a +0 quarterstaff!
The wight is destroyed!
The wight hits you with a +0 scimitar!
* * * LOW HITPOINT WARNING * * *
You feel drained.
* * * LOW HITPOINT WARNING * * *
The wight hits you with a +0 great sword!
* * * LOW HITPOINT WARNING * * *
You feel drained.
You die...

##.....# #..#####
#..# ##.## ##.##
##.## # ##.## ##
##.###### #. ####
##...z@### #. ...##
##..o)z.####### #.
....# #....R.......##
#. #...#
##.............# #.
##..#
###..............#
##. #.##
##................#
##.. #.#
##............#....#
#†.. #.#
##...###.....###...##
#..#
#.####..#####.....#
#..## #..#


You could see the friendly Leofric the battlemage, 2 wights and an orc.

Vanquished Creatures
  Maggie (D:6)
  A kobold demonologist (D:6)
  A hornet (D:7)
  2 raiju (D:7)
  Sigmund (D:3)
  3 yaks (D:5)
  A steam dragon (D:7)
  An orc warrior (D:7)
  An ice beast (D:6)
  2 sky beasts
  A small abomination (Abyss:1)
  A black bear (D:5)
  2 phantoms
  2 ogres
  A kobold brigand (D:6)
  3 scorpions
  A wight (D:7)
  A howler monkey (D:5)
  3 orc priests (D:4)
  5 hounds
  A jelly (D:5)
  A gnoll bouda (D:6)
  A sleepcap (D:6)
  6 iguanas
  Jessica (D:3)
  6 orc wizards
  8 gnolls
  5 adders
  2 worms (D:3)
  3 dart slugs
  22 orcs
  6 bats
  10 endoplasms
  3 giant cockroaches
  6 goblins
  6 hobgoblins
  6 jackals (D:3)
  16 kobolds
  7 quokkas
  8 ball pythons
  5 frilled lizards
  4 rats
167 creatures vanquished.

Vanquished Creatures (collateral kills)
  A worldbinder (Abyss:1)
  2 trolls (D:7)
  A steam dragon (D:7)
  3 yaks (D:5)
  Edmund (D:6)
  An ice beast (D:7)
  An ogre (D:6)
  5 wights (D:7)
  A howler monkey (D:6)
  5 electric eels (D:7)
  An orc priest (D:7)
  An iguana (D:7)
  A white imp (D:7)
  4 orcs
28 creatures vanquished.

Vanquished Creatures (others)
  A thrashing horror (Abyss:1)
  12 battlemagi (D:7)
  2 ancestors
  3 starspawn tentacles (Abyss:1)
18 creatures vanquished.

Grand Total: 213 creatures vanquished

Notes
Turn   | Place    | Note
-------+----------+-------------------------------------------
     0 | D:1      | cforsyth the Gnoll Artificer began the quest for the Orb.
     0 | D:1      | Reached XP level 1. HP: 17/17 MP: 1/1
   229 | D:1      | Reached XP level 2. HP: 16/23 MP: 2/2
   514 | D:1      | Found a faded altar of an unknown god.
  1138 | D:2      | Reached XP level 3. HP: 28/28 MP: 3/3
  1446 | D:2      | Reached skill level 1 in Invocations
  1625 | D:2      | Reached skill level 1 in Short Blades
  1625 | D:2      | Reached skill level 1 in Long Blades
  1625 | D:2      | Reached skill level 1 in Axes
  1625 | D:2      | Reached skill level 1 in Maces & Flails
  1625 | D:2      | Reached skill level 1 in Polearms
  1625 | D:2      | Reached skill level 1 in Staves
  1625 | D:2      | Reached skill level 1 in Ranged Weapons
  1625 | D:2      | Reached skill level 1 in Throwing
  1625 | D:2      | Reached skill level 1 in Shields
  1625 | D:2      | Reached skill level 1 in Unarmed Combat
  1625 | D:2      | Reached skill level 1 in Spellcasting
  1974 | D:3      | Noticed Jessica
  1982 | D:3      | Killed Jessica
  1983 | D:3      | Reached skill level 1 in Shapeshifting
  1983 | D:3      | Reached XP level 4. HP: 32/34 MP: 5/5
  2070 | D:3      | Noticed Sigmund
  2099 | D:3      | Killed Sigmund
  2100 | D:3      | Reached skill level 1 in Conjurations
  2100 | D:3      | Reached skill level 1 in Hexes
  2100 | D:3      | Reached skill level 1 in Summonings
  2100 | D:3      | Reached skill level 1 in Necromancy
  2100 | D:3      | Reached skill level 1 in Translocations
  2100 | D:3      | Reached skill level 1 in Transmutations
  2100 | D:3      | Reached skill level 1 in Fire Magic
  2100 | D:3      | Reached skill level 1 in Ice Magic
  2100 | D:3      | Reached skill level 1 in Air Magic
  2100 | D:3      | Reached skill level 1 in Earth Magic
  2100 | D:3      | Reached skill level 1 in Poison Magic
  2100 | D:3      | Reached XP level 5. HP: 41/41 MP: 5/7
  2100 | D:3      | Reached XP level 6. HP: 47/47 MP: 5/8
  2169 | D:3      | Found a shadowy altar of Dithmenos.
  2179 | D:3      | Reached skill level 5 in Armour
  3098 | D:3      | Found a runed translucent door.
  3099 | D:3      | Noticed Crazy Yiuf
  3547 | D:4      | Reached skill level 7 in Evocations
  3547 | D:4      | Reached XP level 7. HP: 42/52 MP: 10/10
  4877 | D:5      | Entered Level 5 of the Dungeon
  5274 | D:5      | Reached XP level 8. HP: 58/60 MP: 12/12
  5406 | D:5      | Found a staircase to the Ecumenical Temple.
  5417 | Temple   | Entered the Ecumenical Temple
  5436 | Temple   | Became a worshipper of Hepliaklqana the Forgotten
  6304 | D:6      | Noticed a yak
  6304 | D:6      | Noticed a yak
  6304 | D:6      | Noticed a yak
  6304 | D:6      | Noticed a yak
  6304 | D:6      | Noticed a yak
  6304 | D:6      | Noticed a yak
  6320 | D:5      | Killed a yak
  6872 | D:5      | Killed a yak
  6873 | D:5      | Reached XP level 9. HP: 28/66 MP: 14/14
  7640 | D:6      | Reached skill level 5 in Fighting
  7640 | D:6      | Reached skill level 5 in Dodging
  7750 | D:6      | Reached * piety under Hepliaklqana
  7949 | D:6      | Reached skill level 5 in Stealth
  8039 | D:6      | Noticed Maggie
  8039 | Abyss:1  | Cast into level 1 of the Abyss (Maggie)
  8115 | Abyss:1  | Noticed a rust devil
  8166 | Abyss:1  | Reached skill level 8 in Evocations
  8186 | Abyss:1  | Noticed a green death
  8197 | Abyss:1  | Noticed a large abomination
  8202 | Abyss:1  | Found a corrupted altar of Lugonu.
  8230 | Abyss:1  | Noticed a thrashing horror
  8232 | Abyss:1  | Noticed a worldbinder
  8234 | Abyss:1  | Noticed a necromancer
  8234 | Abyss:1  | Noticed a skeletal warrior
  8240 | Abyss:1  | Noticed a starcursed mass
  8254 | Abyss:1  | Killed a worldbinder
  8255 | Abyss:1  | Reached skill level 5 in Invocations
  8259 | Abyss:1  | Noticed a tentacled starspawn
  8274 | D:6      | Escaped the Abyss
  8278 | D:6      | Killed Maggie
  8556 | D:6      | Noticed a kobold demonologist
  8572 | D:6      | Killed a kobold demonologist
  8573 | D:6      | Reached skill level 5 in Short Blades
  8573 | D:6      | Reached skill level 5 in Long Blades
  8573 | D:6      | Reached skill level 5 in Axes
  8573 | D:6      | Reached skill level 5 in Maces & Flails
  8573 | D:6      | Reached skill level 5 in Polearms
  8573 | D:6      | Reached skill level 5 in Staves
  8573 | D:6      | Reached skill level 5 in Ranged Weapons
  8573 | D:6      | Reached skill level 5 in Throwing
  8573 | D:6      | Reached skill level 5 in Shields
  8573 | D:6      | Reached skill level 5 in Unarmed Combat
  8573 | D:6      | Reached skill level 5 in Spellcasting
  8573 | D:6      | Reached XP level 10. HP: 52/68 MP: 17/17
  9403 | D:6      | Noticed Edmund
  9412 | D:6      | Killed Edmund
  9585 | D:7      | Reached ** piety under Hepliaklqana
  9586 | D:7      | Remembered your ancestor Leofric as a battlemage
 10480 | D:7      | Reached skill level 5 in Shapeshifting
 12685 | D:7      | HP: 2/62 [wight/+0 great sword (9)]
 12685 | D:7      | Slain by a wight

Illustrated notes

Levels and vault maps discovered:
D:1:      shiori_arrival_maze, layout_basic, hellmonk_ecumenical_altar_zigzags,
          minmay_misc_feat_diagonals, hex_tiny, minmay_shallow_snake_nest
D:2:      layout_basic
D:3:      layout_basic, nicolae_dithmenos_the_darkroom, minmay_pentangle,
          uniq_jessica, uniq_sigmund, uniq_crazy_yiuf_cottage
D:4:      minmay_octagon_keep, layout_rooms
D:5:      minmay_skewed_foursquare, layout_basic,
          minmay_temple_entry_gardened_gates, chequers_big_river,
          chequers_serial_rivers_micro_a
D:6:      layout_gridville, minmay_starry_boxes, uniq_maggie, uniq_edmund
D:7:      kennysheep_steamy, layout_layer_cave, dreamdust_wishing_well,
          dreamdust_mushroom_princess, nicolae_have_a_lightning_rod
D:8:      layout_basic, grunt_qazlal_sundering, serial_shops, shop,
          grunt_ministairs_14
Temple:   regret_index_temple_generic_petals

Skill      XL: |  1  2  3  4  5  6  7  8  9 10 |
---------------+-------------------------------+-----
Invocations    | 1 2 3 4 5 6 |  6.3
Short Blades   | 1 2 3 5 |  5.7
Long Blades    | 1 2 3 5 |  5.7
Axes           | 1 2 3 5 |  5.7
Maces & Flails | 1 2 3 5 |  5.7
Polearms       | 1 2 3 5 |  5.7
Staves         | 1 2 3 5 |  5.7
Ranged Weapons | 1 2 3 5 |  5.7
Throwing       | 1 2 3 5 |  5.7
Shields        | 1 2 3 5 |  5.7
Unarmed Combat | 1 2 3 5 |  5.7
Spellcasting   | 1 2 3 5 |  5.7
Shapeshifting  | 1 2 3 4 5 |  5.2
Fighting       | 3 4 5 6 |  6.3
Dodging        | 3 4 5 6 |  6.3
Stealth        | 3 4 5 6 |  6.3
Conjurations   | 1 2 3 4 |  4.7
Hexes          | 1 2 3 4 |  4.7
Summonings     | 1 2 3 4 |  4.7
Necromancy     | 1 2 3 4 |  4.7
Translocations | 1 2 3 4 |  4.7
Transmutations | 1 2 3 4 |  4.7
Fire Magic     | 1 2 3 4 |  4.7
Ice Magic      | 1 2 3 4 |  4.7
Air Magic      | 1 2 3 4 |  4.7
Earth Magic    | 1 2 3 4 |  4.7
Poison Magic   | 1 2 3 4 |  4.7
Armour         | 5 6 7 |  7.4
Evocations     | 7 8 |  8.8

Action                     |  1- 3 |  4- 6 |  7- 9 | 10-12 || total
---------------------------+-------+-------+-------+-------++-------
  Melee: Club              |   178 |       |       |       ||   178
         Bite              |    17 |    17 |    48 |     9 ||    91
         Dagger            |     9 |   191 |   380 |       ||   580
         Punch             |       |     5 |    25 |     1 ||    31
         Hand axe          |       |       |    61 |    29 ||    90
         Flail             |       |       |       |    40 ||    40
 Invoke: Recall Ancestor   |       |       |     2 |       ||     2
         Ancestor Life: Ba |       |       |       |     1 ||     1
  Evoke: Wand              |       |     5 |    22 |     7 ||    34
    Use: Scroll            |       |       |     2 |     1 ||     3
   Stab: Sleeping          |     4 |       |       |       ||     4
         Distracted        |       |       |     1 |       ||     1
 Armour: Leather armour    |    42 |       |       |       ||    42
         Chain mail        |    44 |    93 |   246 |    44 ||   427
  Dodge: Dodged            |   106 |    50 |   135 |    56 ||   347

Table legend: (Time is in decaauts)
 A = Elapsed time spent in this place.
 B = Non-inter-level travel time spent in this place.
 C = Inter-level travel time spent in this place.
 D = Time resting spent in this place.
 E = Time spent auto-exploring this place.
 F = Levels seen in this place.
 G = Mean time per level.
                   A        B        C        D        E       F      G
               +--------+--------+--------+--------+--------+-----+--------+
         Total |  12690 |  12374 |    316 |   3104 |   6927 |  10 | 1269.0 |
       Dungeon |  12417 |  12130 |    287 |   3104 |   6865 |   8 | 1552.1 |
        Temple |     36 |      7 |     29 |      0 |      0 |   1 |   36.0 |
         Abyss |    236 |    236 |      0 |      0 |     62 |   1 |  236.0 |
               +--------+--------+--------+--------+--------+-----+--------+

Top non-repeatable levels by time:
     D:7: 3086 daAuts
     D:5: 2706 daAuts
     D:3: 1901 daAuts
     D:6: 1720 daAuts
     D:1: 1070 daAuts
     D:2: 1036 daAuts
     D:4: 891 daAuts
 Abyss:1: 236 daAuts
  Temple: 36 daAuts
     D:8: 4 daAuts
